 Dungeon Crawl Stone Soup version 0.16.1-12-gf5c4a84 (webtiles) character file.

2210342 KarvaRausku the Conqueror (level 27, 273/273 HPs)
             Began as a Minotaur Fighter on Apr 8, 2015.
             Was a Priest of Trog.
             Escaped with the Orb
             ... and 4 runes on Apr 10, 2015!
             The game lasted 11:00:06 (80681 turns).

KarvaRausku the Conqueror (Minotaur Fighter)       Turns: 80681, Time: 11:00:06

Health: 273/273    AC: 57    Str: 28 (29) XL:     27
Magic:  16/16      EV: 23    Int: 10 (11) God:    Trog [***...]
Gold:   8441       SH: 32    Dex: 18      Spells: 0 memorised, 26 levels left

rFire  + + .     SeeInvis .     v - +9 double sword (freeze)
rCold  + + .     Clarity  .     o - +10 gold dragon armour
rNeg   + + .     SustAb   .     I - +4 large shield
rPois  +         Gourm    .     N - +2 hat
rElec  +         Spirit   .     g - +4 dragonskin cloak
rCorr  +         Warding  +     G - +2 pair of gloves of Lenepel {MR+ rCorr Str-2 Dex+3}
rMut   .         Rnd*Tele +     x - +2 pair of boots
MR     ++++.                    z - macabre finger necklace {Ward rN+}
Stlth  ..........               Q - ring "Untuala" {rPois MP+9 AC+3}
                                u - ring "Threokoet" {rC++ MR+ Str+4 Int+6}
                                c - ring of Voprenei {Fire rElec rPois Stlth+}

@: studying Short Blades, incredibly resistant to hostile enchantments,
extremely unstealthy
A: retaliatory headbutt, horns 2, molten scales 1, clumsy 1, low mp 3,
teleportitis 1, no device heal 2, placid magic 1
a: Burn Spellbooks, Berserk, Trog's Hand, Renounce Religion
0: Orb of Zot
}: 4/15 runes: decaying, serpentine, silver, abyssal


You escaped.
You worshipped Trog.
Trog was most pleased with you.
You were not hungry.

You visited 11 branches of the dungeon, and saw 58 of its levels.
You visited the Abyss 2 times.
You also visited: Trove, Ice Cave and Wizlab.

You collected 9582 gold pieces.
You spent 716 gold pieces at shops.

Inventory:

Hand weapons
 b - a +9 demon blade of protection
 v - a +9 double sword of freezing (weapon)
 P - a +8 eudemon blade of holy wrath
Armour
 a - the +0 cloak "Starah" {rC+ Str+4}
   (You acquired it on level 5 of the Realm of Zot)

   It affects your strength (+4).
   It protects you from cold.
 g - the +4 dragonskin cloak (worn)
   (You took it off Tiamat on level 4 of the Realm of Zot)
 o - a +10 gold dragon armour (worn)
 x - a +2 pair of boots (worn)
 G - the +2 pair of gloves of Lenepel (worn) {MR+ rCorr Str-2 Dex+3}
   (You acquired it on level 1 of the Elven Halls)

   It affects your strength (-2).
   It affects your dexterity (+3).
   It affects your resistance to hostile enchantments.
   It protects you from acid and corrosion.
 I - a +4 large shield (worn)
 N - a +2 hat (worn)
Jewellery
 c - the ring of Voprenei (on amulet) {Fire rElec rPois Stlth+}
   (You found it on level 2 of the Depths)

   [ring of fire]

   It enhances your fire magic, and weakens your ice magic.
   It protects you from fire.
   It makes you vulnerable to cold.
   It insulates you from electricity.
   It protects you from poison.
   It makes you more stealthy.
 n - the ring of Bynk {Wiz rF+ Str+3 Dex-4 SInv}
   (You found it on level 1 of the Crypt)

   [ring of wizardry]

   It improves your spell success rate.
   It affects your strength (+3).
   It affects your dexterity (-4).
   It protects you from fire.
   It enhances your eyesight.
 r - an uncursed ring of sustain abilities
 u - the ring "Threokoet" (left hand) {rC++ MR+ Str+4 Int+6}
   (You found it on level 2 of the Depths)

   [ring of intelligence]

   It affects your strength (+4).
   It affects your intelligence (+6).
   It greatly protects you from cold.
   It affects your resistance to hostile enchantments.
 y - an uncursed ring of see invisible
 z - the macabre finger necklace (around neck) {Ward rN+}
   (You found it on level 1 of the Depths)

   [amulet of warding]

   It may prevent the melee attacks of summoned creatures.
   It protects you from negative energy.
 K - the ring "Poh Umuf" {rElec rC+ MP+9 Str+2 Dex-2}
   (You found it on level 1 of the Realm of Zot)

   [ring of strength]

   It affects your strength (+2).
   It affects your dexterity (-2).
   It protects you from cold.
   It insulates you from electricity.
   It affects your magic capacity (+9).
 M - the amulet "Hiucyoza" {Stasis Int+2 Dex+5 Stlth+}
   (You took it off a vault guard on level 5 of the Vaults)

   [amulet of stasis]

   It prevents you from being teleported, slowed, hasted or paralysed.
   It affects your intelligence (+2).
   It affects your dexterity (+5).
   It makes you more stealthy.
 Q - the ring "Untuala" (right hand) {rPois MP+9 AC+3}
   (You found it on level 4 of the Vaults)

   [ring of protection]

   It affects your AC (+3).
   It protects you from poison.
   It affects your magic capacity (+9).
 R - an uncursed amulet of faith
 S - an uncursed amulet of regeneration
 X - a cursed amulet of resist mutation {unknown}
 Y - the ring of Xom's Malicious Joy {rN+ Str+4 Int+3 Dex-4}
   (You took it off a necromancer on level 2 of the Depths)

   [ring of positive energy]

   It affects your strength (+4).
   It affects your intelligence (+3).
   It affects your dexterity (-4).
   It protects you from negative energy.
 Z - an uncursed ring of protection from fire
Magical devices
 e - a wand of teleportation (4)
 k - a wand of heal wounds (0)
 B - a wand of slowing (48)
 J - a wand of digging (15)
Scrolls
 h - 19 scrolls of teleportation
 i - a scroll of holy word
 m - 2 scrolls of identify
 p - 6 scrolls of recharging
 t - 29 scrolls of remove curse
 w - 3 scrolls of blinking
 A - 8 scrolls of magic mapping
 H - 3 scrolls of fear
Potions
 f - 5 potions of restore abilities
 j - 7 potions of flight
 l - 7 potions of curing
 q - 7 potions of agility
 s - 7 potions of brilliance
 C - 2 potions of invisibility
 E - a potion of might
 L - 6 potions of cancellation
Books
 W - a manual of Short Blades
Miscellaneous
 D - an ornate deck of defence {drawn: 1}
 V - a plain deck of war
Comestibles
 d - 5 bread rations
 F - 8 meat rations
 O - 39 fruits
 T - a royal jelly


   Skills:
 O Level 27 Fighting
 + Level 22.8 Long Blades
   Level 6.4 Maces & Flails
   Level 4.8 Polearms
 O Level 27 Armour
 + Level 25.2 Dodging
 O Level 27 Shields


You had 26 spell levels left.
You didn't know any spells.

Dungeon Overview and Level Annotations

Branches:
Dungeon (15/15)            Temple (1/1) D:4            Lair (8/8) D:8
  Swamp (5/5) Lair:3        Snake (5/5) Lair:4        Slime (0/6) Lair:7
    Orc (4/4) D:11            Elf (3/3) Orc:4        Vaults (5/5) D:14
  Crypt (2/3) Vaults:2     Depths (5/5) D:15            Zot (5/5) Depths:5

Altars:
Ashenzari
Cheibriados
Dithmenos
Elyvilon
Fedhas
Gozag
Kikubaaqudgha
Makhleb
Nemelex Xobeh
Okawaru
Qazlal
Ru
Sif Muna
Trog
Vehumet
Xom
Yredelemnul
Zin
The Shining One
Beogh
Jiyva

Shops:
D:7 ?   Orc:2 ?   Orc:3 }   Orc:4 ??(*   Elf:2 }   Snake:1 (   Vaults:2 ?
Depths:2 :[[

Portals:
Hell: Depths:1 Depths:2 Depths:3 Depths:4 Depths:5
Abyss: Depths:3 Depths:4 Depths:5
Pandemonium: Depths:3
Ziggurat: Depths:3

Annotations:
Crypt:2 Khufu
Zot:5 16 runed doors


Innate Abilities, Weirdness & Mutations

You reflexively headbutt those who attack you in melee.
You have a pair of horns on your head.
You are partially covered in molten scales (AC +1).
You are clumsy. (Dex -2)
Your magical capacity is extremely low (-30% MP).
Space occasionally distorts in your vicinity.
Potions and wands are poor at restoring your health.
Your spells are a little easier to cast, but a little less powerful.


Message History

A mysterious force pulls you upwards. The hatch slams shut behind you.
You sense a powerful magical force warping space.
Evoke which item? (* to show all) (? for menu, Esc to quit)
Zapping:
J - a wand of digging {zapped: 2} (will waste charges)
Press: ? - help, Shift-Dir - straight line The rock shatters into small pieces.
Evoking this partially-identified wand wasted a few charges.
There is an open door here.
There is an open door here.
You enter the shallow water.
Moving in this stuff is going to be slow.
There is an open door here.
There is a staircase leading out of the dungeon here.
Drink which item? (? for menu, Esc to quit)
Okay, then.
Drink which item? (? for menu, Esc to quit)
It has a very clean taste.
Your rate of healing slows.
Your urge to shout disappears.
You feel agile.
Your slimy green scales disappear.
You have escaped!

..###.#
#≈8≈8≈.######..##.......
......#
#≈≈≈≈≈.....♣#''###......
..##### #♣≈≈≈....5.♣#..#
##.#### ..#
♣≈≈≈###'#(.#..# #.# ..#
♣≈≈≈#<#.#..#..# #.# ###
♣♣≈≈#'#.#).#### #.#
♣≈##)..#♣....♣ #.#
#♣#....#♣....♣ #.#
#..@.#♣....♣###.# ##
######
######♣♣...##...###.
.....######
#...####.##.#
###[......# #...# #.#.##
#†......# #.######..##
###.......#
###.##.....##
#.).......#
#......#....##
..#.......#
#.#.#####....##
###.......#
#.#........##.#


You could see a crimson imp (wandering).

Vanquished Creatures
  5 ancient liches
  Tiamat (Zot:4)
  3 orbs of fire (Zot:5)
  Sojobo (Vaults:3)
  Margery (Depths:2)
  Saint Roka (Elf:2)
  Mennas (Vaults:3)
  4 Killer Klowns
  16 golden dragons
  Jory (Depths:5)
  9 bone dragons
  A Brimstone Fiend (Zot:5)
  Nikola (Swamp:4)
  An electric golem (Zot:1)
  25 tentacled monstrosities
  23 Orb Guardians
  Vashnia (Snake:3)
  A Hell Sentinel (Abyss:3)
  4 liches
  2 deep elf master archers (Elf:3)
  2 deep elf blademasters
  3 quicksilver dragons
  6 titans (Vaults:5)
  7 sphinxes
  3 Executioners
  20 tentacled starspawn
  Rupert (Lair:8)
  Agnes (Snake:2)
  3 ancient champions
  Kirke (Swamp:4)
  11 shadow dragons
  A thorn hunter (Swamp:5)
  Frances (Swamp:2)
  8 tengu reavers
  14 storm dragons
  12 fire giants
  9 greater nagas
  4 draconian monks
  A revenant (Abyss:3)
  A daeva (Abyss:3)
  A ghost moth (Zot:2)
  Wiglaf (Depths:3)
  6 draconian knights
  7 vault wardens
  Aizul (Snake:4)
  5 iron dragons
  7 deep elf sorcerers
  An emperor scorpion (Depths:2)
  6 frost giants
  A curse skull (Crypt:1)
  6 draconian scorchers
  5 draconian zealots
  2 cacodemons
  11 ironheart preservers
  Jorgrun (Elf:3)
  6 ghouls
  3 draconian callers
  4 draconian annihilators
  4 war gargoyles
  7 very ugly things
  7 rakshasas
  9 draconian shifters
  3 grey draconians
  23 stone giants
  A vampire knight (Depths:2)
  10 deep elf demonologists
  6 green draconians
  2 pale draconians
  4 black draconians
  11 deep elf annihilators
  7 dire elephants
  8 red draconians
  6 white draconians
  9 yellow draconians
  3 eidola
  2 purple draconians
  A lorocyproca (Abyss:3)
  7 mottled draconians
  15 ettins
  Snorg (Snake:2)
  8 deep elf death magi
  A green death (Depths:3)
  24 fire dragons
  9 jiangshi
  5 minotaurs
  8 death cobs
  9 great orbs of eyes
  A blizzard demon (Abyss:1)
  12 yaktaur captains
  29 ice dragons
  14 hydras
  28 vault guards
  3 deep elf high priests
  2 catoblepae
  7 statues
  12 naga warriors
  A hell beast (Vaults:5)
  A ghost crab (shapeshifter) (Depths:4)
  17 anacondas
  A monstrous demonspawn (Depths:3)
  2 ghost crabs (Swamp:5)
  9 deep troll earth magi
  10 centaur warriors
  26 dancing weapons
  33 death yaks
  11 ogre magi
  6 spriggan air magi
  7 alligators
  4 death knights (Crypt:2)
  4 deep troll shamans
  2 tengu warriors
  5 vampire magi
  9 naga sharpshooters
  16 thrashing horrors
  5 hell hogs
  8 spriggan berserkers
  A sun demon (Vaults:5)
  A storm dragon zombie (Zot:4)
  4 shadow wraiths
  3 salamander mystics
  6 shock serpents
  7 wretched stars
  2 ice devils
  2 fire crabs
  20 hell knights
  7 unseen horrors
  16 skeletal warriors
  5 flayed ghosts
  2 iron trolls
  A quicksilver dragon simulacrum (Crypt:2)
  4 spatial maelstroms
  6 sea snakes (Snake:5)
  17 deep elf knights
  2 swamp dragons
  A giant orange brain (shapeshifter) (Depths:2)
  9 deep elf summoners
  5 death drakes
  An anaconda zombie (Crypt:1)
  2 spriggan druids (Swamp:3)
  6 naga ritualists
  2 ice statues
  A swamp dragon (shapeshifter) (Abyss:3)
  A harpy (Vaults:3)
  2 spectral hydras (Swamp:5)
  9 hill giants
  2 orb spiders (shapeshifter)
  2 shambling mangroves
  A lindwurm (shapeshifter) (D:15)
  15 ironbrand convokers
  A torturous demonspawn (Depths:3)
  6 giant orange brains
  An anaconda skeleton (Abyss:3)
  19 orc knights
  2 wizards
  6 necromancers
  2 orc sorcerers
  27 deep trolls
  An anubis guard (shapeshifter) (D:15)
  13 salamanders
  13 deep elf conjurers
  A hornet (shapeshifter) (Depths:2)
  43 ugly things
  26 small abominations
  13 mana vipers
  2 wolf spider zombies
  4 wolf spiders
  2 frost giant zombies
  9 phantasmal warriors
  5 cyclopes
  A fire giant zombie (Crypt:1)
  2 cyclopes (shapeshifter)
  A manticore (D:11)
  7 griffons
  5 hornets
  25 moths of wrath
  A stone giant zombie (Abyss:3)
  6 oklob plants
  2 iron dragon skeletons
  9 worldbinders
  39 black mambas
  8 sixfirhies
  5 guardian serpents
  13 elephants
  Joseph (D:11)
  An octopode (shapeshifter) (Depths:4)
  5 vault sentinels
  3 centaur zombies
  2 apocalypse crabs (Abyss:3)
  17 naga magi
  13 smoke demons
  4 torpor snails
  4 orange demons
  3 kobold demonologists
  A dire elephant zombie (Crypt:2)
  2 tormentors (Abyss:3)
  21 spiny frogs
  3 spriggan zombies (Depths:1)
  An elf zombie (Vaults:5)
  A hellion (Abyss:3)
  6 fire drakes
  5 swamp worm zombies (Swamp:5)
  5 komodo dragons
  2 blue devils
  A demonic crawler (Vaults:1)
  An emperor scorpion zombie (Abyss:1)
  An efreet (Abyss:3)
  30 yaktaurs
  15 ancient zymes
  14 deep elf priests
  3 tengu conjurers
  2 red devils
  A wandering mushroom (Lair:8)
  A jumping spider (Vaults:1)
  A polar bear (shapeshifter) (D:14)
  6 trolls
  4 freezing wraiths
  2 jumping spiders (shapeshifter)
  5 polar bears
  2 hellwings (Abyss:3)
  17 blink frogs
  3 hydra zombies
  A troll (shapeshifter) (Vaults:1)
  3 baby alligators (Swamp:2)
  A baby alligator (shapeshifter) (Depths:4)
  An ettin zombie (Depths:1)
  6 giant leeches
  3 spectral swamp dragons (Swamp:5)
  20 two-headed ogres
  23 slime creatures
  A blink frog (shapeshifter) (Depths:1)
  A sphinx simulacrum (Depths:1)
  A trapdoor spider zombie (D:11)
  20 raiju (Abyss:3)
  4 alligator zombies (Swamp:5)
  12 flying skulls
  9 ravens
  13 bog bodies
  3 trapdoor spiders
  A stone giant simulacrum (Depths:1)
  4 ynoxinuls (Abyss:3)
  15 air elementals
  A boulder beetle (Lair:8)
  A griffon skeleton (Crypt:1)
  6 basilisks
  A basilisk (shapeshifter) (Depths:5)
  An ettin skeleton (Abyss:3)
  9 spriggans
  A trapdoor spider (shapeshifter) (D:14)
  3 shadows
  8 vampires
  15 deep elf magi
  13 wraiths
  50 yaks
  7 redbacks
  7 humans (Zot:2)
  2 wyverns
  A redback (shapeshifter) (Vaults:5)
  A tarantella (Vaults:1)
  A black mamba skeleton (Abyss:3)
  103 starcursed masses
  4 hogs (Swamp:4)
  A spectral komodo dragon (Swamp:5)
  12 hippogriffs
  Grum (Orc:4)
  8 chaos spawn
  15 neqoxecs
  A golden eye (Abyss:1)
  30 swamp worms
  3 hungry ghosts
  A yak (shapeshifter) (D:15)
  8 wargs
  27 deep elf fighters
  2 raven zombies (Depths:1)
  13 spatial vortices
  26 insubstantial wisps
  42 vampire mosquitoes
  Menkaure (D:7)
  6 porcupines
  5 wolves
  2 mottled dragons
  A putrid demonspawn zombie (Crypt:1)
  3 hell hounds (Abyss:3)
  60 nagas
  The ghost of pzskc383 the Digger, an average GrEE (D:4)
  A soldier ant (D:14)
  9 swamp drakes
  A deep troll skeleton (Crypt:2)
  5 sky beasts
  A spiny frog skeleton (Crypt:2)
  42 water moccasins
  An eye of draining (shapeshifter) (Abyss:3)
  15 ice beasts
  6 necrophages
  2 spiders (Lair:8)
  28 centaurs
  44 ogres
  8 phantoms
  5 swamp dragon zombies (Swamp:5)
  50 orc warriors
  3 black bears
  A snapping turtle skeleton (Abyss:3)
  16 crocodiles
  A lindwurm zombie (Crypt:1)
  55 large abominations
  5 boggarts
  4 boring beetles (shapeshifter)
  2 boring beetles
  Duvessa (D:5)
  15 wasps
  10 big kobolds
  9 earth elementals
  29 giant frogs
  An octopode zombie (Crypt:1)
  An elf skeleton (D:9)
  A tengu zombie (Depths:1)
  6 scorpions
  A snapping turtle simulacrum (Crypt:1)
  A troll zombie (D:9)
  4 wights
  3 electric eels (Lair:6)
  Dowan (D:5)
  9 crimson imps
  3 goliath beetles
  9 human zombies
  4 centaur skeletons
  9 jellies
  Crazy Yiuf (D:3)
  16 iguanas
  21 orc priests
  7 quasits
  9 hounds
  6 iron imps
  21 worker ants
  5 hell rats
  A human skeleton (D:9)
  A spectral swamp drake (Swamp:5)
  27 orc wizards
  6 lightning spires (Abyss:3)
  A killer bee zombie (D:11)
  13 sheep
  An ogre zombie (Vaults:5)
  A crocodile skeleton (Crypt:2)
  A big kobold skeleton (Crypt:1)
  4 hound skeletons
  3 gnolls (D:4)
  112 river rats
  2 swamp drake zombies (Swamp:5)
  34 adders
  2 shadow imps
  2 white imps
  A giant eyeball (shapeshifter) (Vaults:5)
  2 worms
  9 ufetubi
  A giant eyeball (Depths:2)
  2 adder zombies
  An iguana zombie (Crypt:1)
  2 giant geckos (D:4)
  7 oozes
  155 orcs
  A ball python (D:4)
  A bat skeleton (D:6)
  A bat zombie (D:8)
  23 goblins
  15 hobgoblins
  12 jackals
  22 kobolds
  9 quokkas
  16 bats
  6 giant cockroaches
  10 giant newts
  3 giant spores
  A goblin zombie (Crypt:1)
  A jackal skeleton (Crypt:2)
  2 orc zombies
  9 rats
  13 ballistomycetes
  A briar patch (Swamp:5)
  2 butterflies (Abyss:3)
  3 fungi
  5 plants
  13 starspawn tentacles
3188 creatures vanquished.

Vanquished Creatures (collateral kills)
  Mara (Swamp:5)
  A tentacled monstrosity (Vaults:4)
  An Orb Guardian (Zot:5)
  Asterion (Elf:3)
  An Executioner (Elf:3)
  A spectral weapon (Elf:3)
  2 tengu reavers
  A frost giant (Vaults:4)
  Donald (Vaults:3)
  2 deep elf sorcerers (Elf:3)
  5 greater nagas (Snake:5)
  5 vault wardens
  2 ironheart preservers
  A very ugly thing (Vaults:4)
  A war gargoyle (Vaults:4)
  8 stone giants
  A deep elf demonologist (Vaults:4)
  A crystal guardian (Vaults:3)
  6 vault guards
  A minotaur (Depths:1)
  2 deep elf death magi (Elf:3)
  Josephine (Orc:2)
  A great orb of eyes (Depths:1)
  3 yaktaur captains
  An anaconda (Snake:3)
  A naga warrior (Snake:5)
  Nessos (D:13)
  A hydra (Lair:4)
  3 dancing weapons
  A deep troll shaman (Depths:3)
  A catoblepas (Depths:1)
  2 tengu warriors (Depths:1)
  6 death yaks
  2 shock serpents
  8 naga sharpshooters
  A soul eater (Depths:1)
  A flayed ghost (Vaults:3)
  3 hell knights
  6 deep elf knights
  A skeletal warrior (Vaults:2)
  2 sea snakes (Snake:5)
  3 deep elf summoners (Elf:1)
  2 ice statues (IceCv)
  3 ironbrand convokers
  4 naga ritualists
  A mana viper (Snake:3)
  An orb spider (shapeshifter) (Vaults:4)
  2 necromancers
  2 deep elf conjurers
  3 orc knights
  2 salamanders (Snake:5)
  A wolf spider (shapeshifter) (Vaults:4)
  3 harpies (Vaults:3)
  A shadow dragon skeleton (Depths:1)
  A griffon (Vaults:2)
  A fire giant zombie (Depths:1)
  13 ugly things
  A guardian serpent (shapeshifter) (Depths:1)
  A centaur zombie (D:14)
  A sixfirhy (Vaults:4)
  An elephant (shapeshifter) (Vaults:3)
  2 guardian serpents
  A storm dragon simulacrum (Vaults:3)
  6 naga magi
  6 vault sentinels
  A torpor snail (Depths:2)
  5 black mambas
  A fire drake (Lair:4)
  A kobold demonologist (Vaults:1)
  10 yaktaurs
  4 deep elf priests
  5 slime creatures (Depths:1)
  A raiju (shapeshifter) (Vaults:3)
  3 freezing wraiths
  A troll (D:15)
  6 two-headed ogres
  3 ravens (Depths:1)
  2 boulder beetles
  8 deep elf magi
  A shadow (Depths:3)
  3 redbacks
  11 deep elf fighters
  A raven skeleton (Depths:1)
  9 nagas
  4 vampire mosquitoes
  An insubstantial wisp (Swamp:5)
  A water moccasin (Snake:3)
  5 orc warriors
  4 ice beasts (IceCv)
  A black bear (Elf:3)
  A black bear (shapeshifter) (Vaults:4)
  A fire dragon simulacrum (Depths:1)
  2 ogres
  5 centaurs (D:13)
  A giant frog (D:14)
  A wight (D:14)
  2 orc priests
  A giant frog zombie (D:11)
  6 orc wizards
  2 hell rats (Elf:1)
  An adder (Lair:4)
  A shadow imp (D:14)
  A white imp (Depths:1)
  A giant eyeball (Depths:2)
  2 orc zombies (Orc:2)
  4 orcs
  An orc skeleton (Orc:2)
278 creatures vanquished.

Vanquished Creatures (others)
  A golden dragon (Depths:5)
  A merfolk impaler (Elf:3)
  A storm dragon (Depths:4)
  A deep elf high priest (Depths:4)
  3 deep trolls
  An unseen horror (D:14)
  A necromancer (Depths:2)
  A salamander (Snake:2)
  An orange demon (Elf:2)
  A spiny frog (Swamp:5)
  6 trolls
  2 ancient zymes (Abyss:3)
  5 two-headed ogres
  A deep elf priest (Depths:5)
  A giant leech (Swamp:5)
  A raven (Depths:5)
  A deep elf mage (Elf:3)
  A ynoxinul (Abyss:3)
  A human zombie (Vaults:5)
  2 orc warriors
  A small abomination (Abyss:3)
  A swamp drake (Swamp:5)
  A boggart (Depths:3)
  7 lost souls
  20 ogres
  A phantom (Swamp:5)
  A big kobold (Vaults:3)
  An orc wizard (Vaults:5)
  A hound skeleton (D:7)
  4 orcs (Orc:2)
  2 giant spores
  A kobold (D:11)
  A lurking horror (Abyss:3)
  An orc skeleton (Orc:2)
  2 fungi
  3 plants
  67 starspawn tentacles
  600 starspawn tentacle segments
748 creatures vanquished.

Grand Total: 4214 creatures vanquished

Notes
Turn   | Place    | Note
--------------------------------------------------------------
     0 | D:1      | KarvaRausku, the Minotaur Fighter, began the quest for the Orb.
     0 | D:1      | Reached XP level 1. HP: 19/19 MP: 1/1
   188 | D:1      | Reached skill level 4 in Shields
   188 | D:1      | Reached XP level 2. HP: 27/27 MP: 1/1
   887 | D:2      | Reached XP level 3. HP: 33/33 MP: 2/2
  1050 | D:2      | Reached XP level 4. HP: 37/40 MP: 2/2
  1390 | D:3      | Found a white marble altar of Elyvilon.
  2304 | D:3      | Noticed Crazy Yiuf
  2312 | D:3      | Killed Crazy Yiuf
  2377 | D:4      | Reached XP level 5. HP: 47/47 MP: 2/2
  2396 | D:4      | Noticed pzskc383's ghost (average GrEE)
  2425 | D:4      | HP: 2/47 [pzskc383's ghost/stone arrow (12)]
  2742 | D:4      | Killed pzskc383's ghost
  2742 | D:4      | Reached skill level 5 in Fighting
  2742 | D:4      | Reached skill level 5 in Maces & Flails
  2870 | D:4      | Found a staircase to the Ecumenical Temple.
  2882 | Temple   | Entered the Ecumenical Temple
  3175 | Temple   | Became a worshipper of Trog the Wrathful
  3227 | D:4      | Reached XP level 6. HP: 56/56 MP: 3/3
  3452 | D:4      | Reached skill level 5 in Armour
  3503 | D:4      | Reached skill level 5 in Shields
  3528 | D:4      | Acquired Trog's first power
  3796 | D:4      | Noticed an ogre
  3811 | D:4      | Killed an ogre
  3811 | D:4      | Reached skill level 6 in Maces & Flails
  3811 | D:4      | Reached XP level 7. HP: 33/61 MP: 3/3
  4250 | D:5      | Entered Level 5 of the Dungeon
  4262 | D:5      | Got a smoking scimitar
  4263 | D:5      | Identified the +9 scimitar of Linearity {drain, rC+} (You found it on level 5 of the Dungeon)
  4269 | D:5      | Found a burning altar of Makhleb.
  4322 | D:5      | Noticed Duvessa
  4323 | D:5      | Noticed Dowan
  4335 | D:5      | Killed Duvessa
  4335 | D:5      | Reached skill level 1 in Long Blades
  4346 | D:5      | Killed Dowan
  4466 | D:5      | Found an iron altar of Okawaru.
  4810 | D:6      | Reached XP level 8. HP: 69/71 MP: 3/3
  4851 | D:6      | Acquired Trog's second power
  4913 | D:6      | Found a sparkling altar of Nemelex Xobeh.
  4993 | D:6      | Reached skill level 5 in Long Blades
  5142 | D:6      | Reached skill level 7 in Fighting
  5335 | D:7      | Found Loos' Magic Scroll Boutique.
  5340 | D:7      | Bought a scroll of identify for 22 gold pieces
  5500 | D:7      | Noticed Menkaure
  5505 | D:7      | Killed Menkaure
  5704 | D:7      | Got a smelly chain mail
  5715 | D:7      | Identified the +6 chain mail of Boiling Hail {rCorr Int+2} (You found it on level 7 of the Dungeon)
  5822 | D:7      | Reached XP level 9. HP: 75/79 MP: 4/4
  6273 | D:7      | Found a glowing golden altar of the Shining One.
  6450 | D:8      | Found a staircase to the Lair.
  6450 | D:8      | Noticed an elephant
  6458 | D:8      | Reached skill level 8 in Long Blades
  6463 | D:8      | Killed an elephant
  6463 | D:8      | Reached skill level 9 in Long Blades
  6497 | D:8      | Reached skill level 10 in Long Blades
  6839 | D:8      | Reached skill level 11 in Long Blades
  6927 | D:8      | Reached XP level 10. HP: 88/88 MP: 4/4
  7096 | D:8      | Got a crystal whip
  7098 | D:8      | Identified the +2 whip "Ujomuwki" {holy, MP+9 Int+2} (You found it on level 8 of the Dungeon)
  7104 | D:8      | Found a deep blue altar of Sif Muna.
  7302 | D:9      | Found an ancient bone altar of Kikubaaqudgha.
  7304 | D:9      | Found a stormy altar of Qazlal.
  7383 | D:9      | Reached skill level 12 in Long Blades
  7616 | D:9      | Acquired Trog's third power
  7745 | D:9      | Found a basalt altar of Yredelemnul.
  7769 | D:9      | Reached skill level 13 in Long Blades
  7966 | D:10     | Entered Level 10 of the Dungeon
  8251 | D:10     | Reached skill level 14 in Long Blades
  8379 | D:10     | Noticed a hill giant
  8384 | D:10     | Killed a hill giant
  8618 | D:11     | Found a staircase to the Orcish Mines.
  8799 | D:11     | Gained mutation: You tend to lose your temper in combat. [potion of mutation]
  8799 | D:11     | Gained mutation: You are weak. (Str -2) [potion of mutation]
  8832 | D:11     | Reached XP level 11. HP: 90/94 MP: 4/4
  8918 | D:11     | Noticed a hill giant
  8926 | D:11     | Killed a hill giant
  8934 | D:11     | Reached skill level 15 in Long Blades
  9018 | D:11     | Noticed Joseph
  9027 | D:11     | Killed Joseph
  9070 | D:11     | Noticed a manticore
  9080 | D:11     | Killed a manticore
  9278 | D:11     | You fall through a shaft for 3 floors!
  9419 | D:13     | Noticed a centaur warrior
 10255 | D:12     | Noticed a hill giant
 10261 | D:12     | Killed a hill giant
 10266 | D:12     | Received a gift from Trog
 10266 | D:12     | Reached XP level 12. HP: 106/106 MP: 5/5
 10689 | D:13     | Reached skill level 10 in Fighting
 10696 | D:13     | Killed a centaur warrior
 10696 | D:13     | Reached skill level 10 in Shields
 10739 | D:13     | Noticed Nessos
 11283 | D:13     | Reached skill level 10 in Armour
 11355 | D:13     | Reached skill level 16 in Long Blades
 11398 | D:13     | Killed an unseen horror
 11536 | D:13     | Killed Nessos
 12491 | D:14     | Received a gift from Trog
 12651 | D:14     | Found a gate to the Vaults.
 12651 | D:14     | Noticed a vault guard
 12651 | D:14     | Noticed a vault guard
 12651 | D:14     | Noticed a catoblepas
 12651 | D:14     | Noticed a vault guard
 12652 | D:14     | Noticed a vault guard
 12654 | D:14     | Noticed a centaur warrior
 12662 | D:14     | Killed an unseen horror
 12667 | D:14     | Killed a vault guard
 12668 | D:14     | Killed a vault guard
 12672 | D:14     | Killed a vault guard
 12681 | D:14     | Killed a catoblepas
 12689 | D:14     | Killed a vault guard
 12691 | D:14     | Killed a centaur warrior
 13007 | D:14     | Reached XP level 13. HP: 116/116 MP: 5/5
 13080 | D:14     | Found a basalt altar of Yredelemnul.
 13175 | D:15     | Entered Level 15 of the Dungeon
 13255 | D:15     | Found a staircase to the Depths.
 13342 | D:15     | Reached skill level 17 in Long Blades
 13543 | Orc:1    | Entered Level 1 of the Orcish Mines
 13625 | Orc:1    | Found a roughly hewn altar of Beogh.
 13907 | Orc:2    | Noticed Josephine
 14118 | Lair:1   | Entered Level 1 of the Lair of Beasts
 14145 | Lair:1   | Received a gift from Trog
 14152 | Lair:1   | Got a fine double sword {god gift}
 14153 | Lair:1   | Identified the +1 double sword "Jellybane" {freeze, rPois Str-3 Stlth+} (Trog gifted it to you on level 1 of the Lair of Beasts)
 14624 | Lair:1   | Found a frozen archway.
 14652 | IceCv    | Entered an ice cave
 15538 | Lair:2   | Identified Zadao's Collected Works on Shape Shifting
 15815 | Lair:2   | Found a dark tunnel.
 16412 | Lair:3   | Found a staircase to the Swamp.
 17157 | Lair:4   | Found a staircase to the Snake Pit.
 17166 | Lair:4   | Received a gift from Trog
 17173 | Lair:4   | Reached skill level 18 in Long Blades
 17174 | Lair:4   | Reached XP level 14. HP: 115/127 MP: 5/5
 18539 | Lair:5   | Got a warped ring mail
 18556 | Lair:5   | Identified the +0 ring mail of Inaction {rC- rN+ Dex+6} (You found it on level 5 of the Lair of Beasts)
 18790 | Lair:5   | Received a gift from Trog
 19735 | Lair:5   | Lost mutation: You are weak. (Str -2) [potion of cure mutation]
 19735 | Lair:5   | Lost mutation: You tend to lose your temper in combat. [potion of cure mutation]
 20150 | Lair:6   | Received a gift from Trog
 20325 | Lair:6   | Received a gift from Trog
 20332 | Lair:6   | Got an iridescent shortbow {god gift}
 20998 | Lair:7   | Found a viscous altar of Jiyva.
 20998 | Lair:7   | Found a staircase to the Slime Pits.
 21395 | Lair:7   | Identified the -1 shortbow "Tiasin" {flame, -Cast +Blink rElec Str-5 Int+3} (Trog gifted it to you on level 6 of the Lair of Beasts)
 21832 | Lair:7   | Received a gift from Trog
 21999 | Lair:8   | Entered Level 8 of the Lair of Beasts
 22990 | Lair:8   | Noticed Rupert
 23009 | Lair:8   | Killed Rupert
 23009 | Lair:8   | Reached XP level 15. HP: 118/139 MP: 6/6
 24283 | Orc:2    | Killed Josephine
 24284 | Orc:2    | Received a gift from Trog
 24407 | Orc:2    | Reached skill level 15 in Fighting
 25011 | Orc:2    | Found Juwauqed's Magic Scroll Shop.
 25445 | Orc:3    | Found Ytotajuo's Gadget Shop.
 25747 | Orc:4    | Entered Level 4 of the Orcish Mines
 25747 | Orc:4    | Found a staircase to the Elven Halls.
 25832 | Orc:4    | Received a gift from Trog
 26072 | Orc:4    | Reached skill level 19 in Long Blades
 26149 | Orc:4    | Found a roughly hewn altar of Beogh.
 26173 | Orc:4    | Found Wufassa's General Store.
 26173 | Orc:4    | Found Epibaog's Antique Weapon Shop.
 26183 | Orc:4    | Noticed Grum
 26190 | Orc:4    | Received a gift from Trog
 26216 | Orc:4    | Killed Grum
 26525 | Orc:4    | Received a gift from Trog
 26651 | Orc:4    | Found Gigawil's Magic Scroll Shoppe.
 26703 | Orc:4    | Found Froa's Magic Scroll Shop.
 26757 | Orc:4    | Bought a scroll of enchant armour for 105 gold pieces
 26757 | Orc:4    | Bought a scroll of enchant armour for 105 gold pieces
 26757 | Orc:4    | Bought a scroll of remove curse for 42 gold pieces
 26757 | Orc:4    | Bought a scroll of remove curse for 42 gold pieces
 27638 | D:15     | Reached skill level 1 in Dodging
 28193 | Depths:1 | Entered Level 1 of the Depths
 28223 | Depths:1 | Received a gift from Trog
 28224 | Depths:1 | Got a bone demon blade {god gift}
 28570 | Snake:1  | Entered Level 1 of the Snake Pit
 28605 | Snake:1  | Found Sexowuopn's Weapon Shop.
 28674 | Snake:1  | Identified the +3 demon blade "Ycudag" {drain, Contam Dex+3} (Trog gifted it to you on level 1 of the Depths)
 28696 | Snake:1  | Gained mutation: You are frail (-10% HP). [mutagenic glow]
 29509 | Swamp:1  | Entered Level 1 of the Swamp
 30394 | Swamp:2  | Reached XP level 16. HP: 133/136 MP: 6/6
 30403 | Swamp:2  | Reached skill level 15 in Shields
 30405 | Swamp:2  | Noticed Frances
 30426 | Swamp:2  | Killed Frances
 30430 | Swamp:2  | Received a gift from Trog
 30435 | Swamp:2  | Identified a scroll of acquirement
 30598 | Swamp:2  | Reached skill level 15 in Armour
 30915 | Swamp:3  | Lost mutation: You are frail (-10% HP). [potion of beneficial mutation]
 31334 | Swamp:4  | Reached skill level 5 in Dodging
 31364 | Swamp:4  | Noticed Nikola
 31551 | Swamp:4  | Killed Nikola
 31724 | Swamp:4  | Received a gift from Trog
 31950 | Swamp:4  | Noticed Kirke
 32104 | Swamp:4  | Killed Kirke
 32300 | Swamp:5  | Entered Level 5 of the Swamp
 32606 | Swamp:5  | Noticed Mara
 32632 | Swamp:5  | Noticed KarvaRausku's illusion
 32992 | Snake:2  | Noticed Agnes
 33006 | Snake:2  | Killed Agnes
 33097 | Snake:2  | Received a gift from Trog
 33264 | Snake:2  | Noticed Snorg
 33271 | Snake:2  | Killed Snorg
 34288 | Snake:3  | Reached XP level 17. HP: 113/165 MP: 4/6
 35132 | Swamp:5  | Noticed KarvaRausku's illusion
 35206 | Swamp:5  | Noticed KarvaRausku's illusion
 35212 | Swamp:5  | Killed Mara
 35882 | Swamp:5  | Noticed a bone dragon
 35903 | Swamp:5  | Killed a bone dragon
 35990 | Swamp:5  | Got a decaying rune of Zot
 37120 | Snake:3  | Noticed Vashnia
 37140 | Snake:3  | Killed Vashnia
 37154 | Snake:3  | Got an encrusted morningstar
 37163 | Snake:3  | Identified the +5 morningstar of the Penguin {crush, rElec rN+ MR+ Dex-3} (You found it on level 3 of the Snake Pit)
 37501 | Snake:3  | Received a gift from Trog
 37707 | Snake:3  | Got a translucent glaive
 37719 | Snake:3  | Identified the +9 glaive of Dischord {chop, Dex+6} (You found it on level 3 of the Snake Pit)
 37742 | Snake:4  | Found a shattered altar of Ashenzari.
 37904 | Snake:4  | Reached skill level 1 in Polearms
 38075 | Snake:4  | Noticed Aizul
 38095 | Snake:4  | Killed Aizul
 38523 | Snake:4  | Reached skill level 10 in Dodging
 38645 | Snake:4  | Reached XP level 18. HP: 126/172 MP: 7/7
 38807 | Snake:4  | Gained mutation: You are partially covered in molten scales (AC +1). [helix card]
 38832 | Snake:5  | Entered Level 5 of the Snake Pit
 38936 | Snake:5  | Received a gift from Trog
 39797 | Snake:5  | Got a serpentine rune of Zot
 40209 | D:11     | Noticed a hill giant
 40217 | D:11     | Killed a hill giant
 40322 | Vaults:1 | Entered Level 1 of the Vaults
 40334 | Vaults:1 | Received a gift from Trog
 41027 | Vaults:1 | Received a gift from Trog
 41027 | Vaults:1 | Reached skill level 20 in Fighting
 41679 | Vaults:1 | You fall through a shaft!
 41686 | Vaults:2 | Noticed a bone dragon
 41710 | Vaults:2 | Killed a bone dragon
 41741 | Vaults:2 | Reached XP level 19. HP: 181/181 MP: 7/7
 41922 | Vaults:2 | Received a gift from Trog
 42170 | Vaults:2 | Hired Odimm the merfolk for 333 gold.
 42409 | Vaults:2 | Hired Emitzum the big kobold for 92 gold.
 42740 | Vaults:2 | Received a gift from Trog
 42903 | Vaults:2 | Found Ybitaump's Magic Scroll Boutique.
 43041 | Vaults:2 | Found a staircase to the Crypt.
 44532 | Vaults:3 | Noticed Mennas
 44547 | Vaults:3 | Killed Mennas
 44592 | Vaults:3 | Noticed Donald
 44597 | Vaults:3 | Your ally Emitzum died
 44599 | Vaults:3 | Killed Donald
 44896 | Vaults:3 | Noticed Sojobo
 44914 | Vaults:3 | Killed Sojobo
 45538 | Vaults:3 | Reached skill level 21 in Fighting
 45582 | Vaults:4 | Received a gift from Trog
 45588 | Vaults:4 | Reached XP level 20. HP: 169/194 MP: 7/7
 45652 | Vaults:4 | Reached skill level 15 in Dodging
 45889 | Vaults:4 | Noticed a golden dragon
 45898 | Vaults:4 | Killed a golden dragon
 46023 | Vaults:4 | Got a heavily runed jade ring
 46215 | Vaults:4 | Identified the ring "Untuala" {rPois MP+9 AC+3} (You found it on level 4 of the Vaults)
 47307 | Snake:5  | Received a gift from Trog
 49106 | Depths:1 | Found a gateway to Hell.
 49379 | Depths:1 | Received a gift from Trog
 50453 | Elf:1    | Entered Level 1 of the Elven Halls
 50695 | Elf:1    | Received a gift from Trog
 50705 | Elf:1    | Got a pair of scorched gloves
 50717 | Elf:1    | Identified the +2 pair of gloves of Lenepel {MR+ rCorr Str-2 Dex+3} (You acquired it on level 1 of the Elven Halls)
 51078 | Elf:1    | Reached XP level 21. HP: 202/202 MP: 8/8
 51305 | Elf:2    | Found Ogreejee's Gadget Boutique.
 51333 | Elf:2    | Found a runed gate.
 51335 | Elf:2    | Found a runed gate.
 51335 | Elf:2    | Found a runed gate.
 51368 | Elf:2    | Reached skill level 22 in Fighting
 51396 | Elf:2    | Received a gift from Trog
 51834 | Elf:3    | Entered Level 3 of the Elven Halls
 51834 | Elf:3    | Noticed Asterion
 51843 | Elf:3    | Killed Asterion
 51997 | Elf:3    | Found a magical portal.
 52022 | WizLab   | Entered Tukima's Studio
 52921 | Elf:3    | Noticed Jorgrun
 52967 | Elf:3    | Killed Jorgrun
 52978 | Elf:3    | Your ally Odimm died
 53854 | Elf:3    | Got a fine scale mail
 53855 | Elf:3    | Identified the +3 scale mail of Classification {rElec Regen+ Str+2 Int+3 Stlth-} (You found it on level 3 of the Elven Halls)
 53917 | Elf:3    | Got an encrusted broad axe
 53918 | Elf:3    | Identified the cursed -1 broad axe of Frustration {chop, rElec rN+ MP+9} (You found it on level 3 of the Elven Halls)
 55215 | Depths:2 | Paralysed by a giant eyeball for 2 turns
 55226 | Depths:2 | Found Klusecve's Armour Shop.
 55548 | Depths:2 | Got a warped trident
 55549 | Depths:2 | Identified the cursed +0 trident of the Establishment {antimagic, rElec rF- SInv} (You found it on level 2 of the Depths)
 55559 | Depths:2 | Found Pemivur's Armour Boutique.
 55625 | Depths:2 | Paralysed by a giant eyeball for 4 turns
 55632 | Depths:2 | Paralysed by a giant eyeball for 4 turns
 55769 | Depths:2 | Found Rauxt's Book Boutique.
 55863 | Depths:2 | Received a gift from Trog
 55876 | Depths:2 | Reached XP level 22. HP: 213/213 MP: 8/8
 55907 | Depths:2 | Got a spiked shield
 55918 | Depths:2 | Identified the -4 shield "Pyceddaf" {+Inv rF- rN+ MR- MP+9} (You acquired it on level 2 of the Depths)
 55936 | Depths:2 | Got a glittering granite ring
 55944 | Depths:2 | Identified the ring of Voprenei {Fire rElec rPois Stlth+} (You found it on level 2 of the Depths)
 56022 | Depths:2 | Got a twisted morningstar
 56025 | Depths:2 | Identified the +6 morningstar of Tythrelia {freeze, rPois rF+} (You found it on level 2 of the Depths)
 56516 | Depths:2 | Got a flickering silver ring
 56520 | Depths:2 | Identified the ring "Threokoet" {rC++ MR+ Str+4 Int+6} (You found it on level 2 of the Depths)
 56560 | Depths:2 | Reached skill level 23 in Fighting
 56627 | Depths:2 | Noticed Margery
 56643 | Depths:2 | Killed Margery
 56756 | Depths:2 | Got a twitching wooden ring
 56757 | Depths:2 | Identified the ring of Xom's Malicious Joy {rN+ Str+4 Int+3 Dex-4} (You took it off a necromancer on level 2 of the Depths)
 57043 | Depths:3 | Noticed Wiglaf
 57064 | Depths:3 | Killed Wiglaf
 57099 | Depths:3 | Received a gift from Trog
 57138 | Depths:3 | Found a one-way gate to the infinite horrors of the Abyss.
 57208 | Depths:3 | Found a gateway to a ziggurat.
 57516 | Depths:3 | Gained mutation: Your natural rate of healing is unusually fast. [potion of beneficial mutation]
 57757 | Depths:3 | Found a one-way gate leading to the halls of Pandemonium.
 58502 | Depths:4 | Reached XP level 23. HP: 163/223 MP: 8/8
 58775 | Depths:4 | Found a portal to a secret trove of treasure.
 59865 | Elf:2    | Bought an ornate deck of wonders for 400 gold pieces
 60075 | Elf:2    | Noticed Saint Roka
 60098 | Elf:2    | Killed Saint Roka
 60369 | Elf:2    | Received a gift from Trog
 60671 | Vaults:5 | Entered Level 5 of the Vaults
 60712 | Vaults:5 | Reached skill level 24 in Fighting
 61135 | Vaults:5 | Noticed an ancient lich
 61194 | Vaults:5 | Killed an ancient lich
 61276 | Vaults:5 | Paralysed by a giant eyeball for 2 turns
 61525 | Vaults:5 | Reached XP level 24. HP: 235/235 MP: 9/9
 61560 | Vaults:5 | Got a clouded tin amulet
 61606 | Vaults:5 | Got a silver rune of Zot
 61920 | Vaults:5 | Identified the amulet "Hiucyoza" {Stasis Int+2 Dex+5 Stlth+} (You took it off a vault guard on level 5 of the Vaults)
 62024 | Vaults:5 | Received a gift from Trog
 62069 | Vaults:5 | Noticed an ancient lich
 62099 | Vaults:5 | Killed an ancient lich
 62984 | Depths:5 | Entered Level 5 of the Depths
 62991 | Depths:5 | Noticed Jory
 63007 | Depths:5 | Killed Jory
 63142 | Depths:5 | Found a shattered altar of Ashenzari.
 63347 | Depths:5 | Reached skill level 25 in Fighting
 63373 | Depths:5 | Found a gate to the Realm of Zot.
 65107 | Zot:1    | Entered Level 1 of the Realm of Zot
 65332 | Zot:1    | Reached XP level 25. HP: 248/248 MP: 9/9
 65747 | Zot:1    | Got a transparent golden ring
 66325 | Depths:5 | Voluntarily entered the Abyss.
 66649 | Abyss:1  | Found a corrupted altar of Lugonu.
 66783 | Abyss:2  | Found a corrupted altar of Lugonu.
 67011 | Abyss:3  | Received a gift from Trog
 67300 | Abyss:3  | Gained mutation: You are partially covered in slimy green scales (AC +2). [a neqoxec]
 67309 | Abyss:3  | Paralysed by accursed screaming for 2 turns
 67321 | Abyss:3  | Paralysed by accursed screaming for 1 turns
 67528 | Abyss:3  | Gained mutation: You occasionally shout uncontrollably at your foes. [a shining eye]
 67628 | Abyss:3  | Paralysed by accursed screaming for 1 turns
 67767 | Abyss:3  | Gained mutation: Your body is slowly deteriorating. [a neqoxec]
 67961 | Abyss:3  | Found a blossoming altar of Fedhas.
 68126 | Abyss:3  | Identified the ring "Poh Umuf" {rElec rC+ MP+9 Str+2 Dex-2} (You found it on level 1 of the Realm of Zot)
 68160 | Abyss:3  | Paralysed by accursed screaming for 2 turns
 68251 | Abyss:3  | Paralysed by accursed screaming for 1 turns
 68360 | Abyss:3  | Found a corrupted altar of Lugonu.
 68403 | Abyss:3  | Received a gift from Trog
 68552 | Abyss:3  | Found a corrupted altar of Lugonu.
 68609 | Abyss:3  | Reached skill level 26 in Fighting
 68747 | Abyss:3  | Paralysed by accursed screaming for 1 turns
 69192 | Abyss:3  | Reached XP level 26. HP: 261/261 MP: 9/9
 69218 | Abyss:3  | Found a corrupted altar of Lugonu.
 69761 | Abyss:3  | Gained mutation: Armour fits poorly on your strangely shaped body. [a neqoxec]
 69768 | Abyss:3  | Gained mutation: Your magical capacity is low (-10% MP). [a neqoxec]
 70357 | Abyss:3  | Gained mutation: Space occasionally distorts in your vicinity. [a neqoxec]
 70361 | Abyss:3  | Paralysed by accursed screaming for 2 turns
 70367 | Abyss:3  | Paralysed by accursed screaming for 2 turns
 70373 | Abyss:3  | Paralysed by accursed screaming for 2 turns
 70382 | Abyss:3  | Paralysed by accursed screaming for 2 turns
 70633 | Abyss:3  | Got an abyssal rune of Zot
 70737 | Depths:5 | Escaped the Abyss
 70793 | Depths:4 | You showed the abyssal rune of Zot to enter a treasure trove
 70794 | Trove    | Entered a treasure trove
 71184 | Crypt:1  | Entered Level 1 of the Crypt
 71580 | Crypt:1  | Cast into the Abyss (the power of Zot)
 71623 | Abyss:1  | Gained mutation: Potions and wands are less effective at restoring your health. [mutagenic glow]
 71631 | Abyss:1  | Paralysed by accursed screaming for 1 turns
 71685 | Abyss:1  | Noticed an ancient lich
 71704 | Abyss:1  | Killed an ancient lich
 71726 | Abyss:1  | Paralysed by accursed screaming for 2 turns
 71801 | Abyss:1  | Paralysed by accursed screaming for 1 turns
 71843 | Abyss:1  | Paralysed by accursed screaming for 1 turns
 71879 | Abyss:1  | HP: 10/264 [quicksilver dragon/bolt of dispelling energy (24)]
 71884 | Abyss:1  | HP: 13/264 [quicksilver dragon (7)]
 71902 | Abyss:1  | HP: 13/264 [spatial maelstrom (18)]
 71903 | Abyss:1  | HP: 5/264 [smoke demon/divine providence (10)]
 72168 | Abyss:1  | Found a corrupted altar of Lugonu.
 72199 | Crypt:1  | Escaped the Abyss
 72224 | Crypt:1  | Got a scorched ivory ring
 73114 | Crypt:2  | Noticed Khufu
 73928 | Zot:2    | Identified the ring of Bynk {Wiz rF+ Str+3 Dex-4 SInv} (You found it on level 1 of the Crypt)
 74084 | Zot:2    | Reached skill level 27 in Fighting
 74404 | Zot:2    | Reached XP level 27. HP: 250/273 MP: 9/9
 76763 | Zot:4    | Received a gift from Trog
 76821 | Zot:4    | Noticed Tiamat
 76881 | Zot:4    | Killed Tiamat
 76931 | Zot:4    | Reached skill level 27 in Shields
 78542 | Zot:5    | Entered Level 5 of the Realm of Zot
 78774 | Zot:5    | Found a huge runed gate.
 78777 | Zot:5    | Found a huge runed gate.
 78781 | Zot:5    | Found a huge runed gate.
 78781 | Zot:5    | Found a huge runed gate.
 78781 | Zot:5    | Found a huge runed gate.
 78783 | Zot:5    | Found a huge runed gate.
 78783 | Zot:5    | Found a huge runed gate.
 78784 | Zot:5    | Found a huge runed gate.
 78784 | Zot:5    | Found a huge runed gate.
 78784 | Zot:5    | Found a huge runed gate.
 78831 | Zot:5    | Reached skill level 27 in Armour
 78911 | Zot:5    | Found a huge runed gate.
 78911 | Zot:5    | Found a huge runed gate.
 78913 | Zot:5    | Found a huge runed gate.
 78920 | Zot:5    | Found a huge runed gate.
 78921 | Zot:5    | Found a huge runed gate.
 78921 | Zot:5    | Found a huge runed gate.
 79001 | Zot:5    | Got a pitted cloak
 79012 | Zot:5    | Identified the +0 cloak "Starah" {rC+ Str+4} (You acquired it on level 5 of the Realm of Zot)
 79152 | Zot:5    | Noticed an ancient lich
 79153 | Zot:5    | Noticed an ancient lich
 79156 | Zot:5    | Noticed an orb of fire
 79183 | Zot:5    | Killed an ancient lich
 79183 | Zot:5    | Gained mutation: You are clumsy. (Dex -2) [an orb of fire]
 79191 | Zot:5    | Gained mutation: You are very clumsy. (Dex -4) [an orb of fire]
 79192 | Zot:5    | Gained mutation: Your magical capacity is very low (-20% MP). [an orb of fire]
 79195 | Zot:5    | Gained mutation: Your spells are a little easier to cast, but a little less powerful. [an orb of fire]
 79201 | Zot:5    | Killed an orb of fire
 79217 | Zot:5    | Killed an ancient lich
 79508 | Zot:5    | Lost mutation: Armour fits poorly on your strangely shaped body. [helix card]
 79508 | Zot:5    | Lost mutation: Your body is slowly deteriorating. [helix card]
 79568 | Zot:5    | Noticed an orb of fire
 79585 | Zot:5    | Killed an orb of fire
 79657 | Zot:5    | Received a gift from Trog
 79746 | Zot:5    | Noticed an orb of fire
 79763 | Zot:5    | Gained mutation: Potions and wands are poor at restoring your health. [an orb of fire]
 79771 | Zot:5    | Killed an orb of fire
 79820 | Zot:5    | Got the Orb of Zot
 79867 | Zot:5    | Noticed an ancient lich
 79923 | Zot:5    | Noticed an ancient lich
 80352 | D:11     | Gained mutation: Your magical capacity is extremely low (-30% MP). [a cacodemon]
 80679 | D:1      | Lost mutation: Your natural rate of healing is unusually fast. [potion of cure mutation]
 80679 | D:1      | Lost mutation: You occasionally shout uncontrollably at your foes. [potion of cure mutation]
 80679 | D:1      | Lost mutation: You are very clumsy. (Dex -4) [potion of cure mutation]
 80679 | D:1      | Lost mutation: You are partially covered in slimy green scales (AC +2). [potion of cure mutation]
 80681 | D:$      | Escaped with the Orb!

Action                   |  1- 3 |  4- 6 |  7- 9 | 10-12 | 13-15 | 16-18 | 19-21 | 22-24 | 25-27 || total
-------------------------+-------+-------+-------+-------+-------+-------+-------+-------+-------++-------
Melee: Flail             |    84 |   203 |    38 |       |       |       |       |       |       ||   325
       Scimitar          |       |       |   215 |   521 |  1812 |  1760 |   729 |     3 |       ||  5040
       Demon blade       |       |       |       |       |       |       |   954 |  2175 |       ||  3129
       Double sword      |       |       |       |       |       |       |       |    90 |  2456 ||  2546
       Eudemon blade     |       |       |       |       |       |       |       |       |   493 ||   493
Throw: Tomahawk          |       |       |       |     8 |       |       |       |       |       ||     8
       Stone             |       |       |       |     6 |       |       |       |       |       ||     6
Invok: Brothers in Arms  |       |       |       |     2 |    14 |    18 |    21 |    13 |     4 ||    72
       Berserk           |       |       |       |       |     7 |    19 |     8 |     7 |     4 ||    45
       Burn Spellbooks   |       |       |       |       |     2 |     6 |     5 |     8 |     4 ||    25
       Trog's Hand       |       |       |       |       |     6 |     7 |    22 |    49 |    87 ||   171
Evoke: Wand              |       |       |       |     3 |    13 |     1 |       |     2 |    18 ||    37
       Deck              |       |       |       |       |     2 |     4 |     9 |    14 |     4 ||    33
  Use: Scroll            |       |     2 |       |    26 |    27 |    21 |    17 |    31 |    43 ||   167
       Potion            |       |       |       |     3 |     2 |    15 |     2 |     3 |    29 ||    54
 Stab: Distracted        |       |       |       |       |     2 |     2 |    22 |     1 |     1 ||    28
       Petrified         |       |       |       |       |       |       |     8 |       |       ||     8
       Petrifying        |       |       |       |       |       |       |     1 |       |       ||     1
       Invisible         |       |       |       |       |       |       |       |       |     5 ||     5
  Eat: Chunk             |       |    10 |    10 |    20 |    43 |    25 |    39 |    19 |     9 ||   175
       Pizza             |       |       |       |     1 |     3 |     1 |     2 |     1 |     2 ||    10
       Beef jerky        |       |       |       |       |     2 |     7 |     7 |     1 |       ||    17
       Meat ration       |       |       |       |       |     3 |     1 |     1 |     2 |     4 ||    11
       Bread ration      |       |       |       |       |     2 |     1 |     1 |     3 |     7 ||    14
       Royal jelly       |       |       |       |       |       |    13 |     1 |       |       ||    14
       Fruit             |       |       |       |       |       |       |       |     6 |    13 ||    19
